 Dungeon Crawl Stone Soup version 0.28-a0-984-g3775c662fe (webtiles) character file.

Game seed: 9648408366514243271

70 demibob the Poker (level 4, 0/33 HPs)
             Began as a Demonspawn Gladiator on Dec 3, 2021.
             Was an Initiate of Ashenzari.
             Slain by Grinder (4 damage)
             ... on level 3 of the Dungeon.
             The game lasted 00:03:03 (1977 turns).

demibob the Poker (Demonspawn Gladiator)            Turns: 1977, Time: 00:03:03

Health: 0/33       AC:  5    Str: 14    XL:     4   Next: 3%
Magic:  4/4        EV: 12    Int: 10    God:    Ashenzari [......]
Gold:   107        SH:  0    Dex: 16    Spells: 3/3 levels left

rFire   + . .      SeeInvis .   a - +1 trident (drain)
rCold   + . .      Faith    .   (no shield)
rNeg    . . .      Spirit   .   b - +0 leather armour
rPois   +          Reflect  .   c - +1 helmet
rElec   +          Harm     .   (no cloak)
rCorr   +          Rampage  .   (no gloves)
Will    .....                   (no boots)
Stlth   +.........              (no amulet)
HPRegen 0.11/turn               (no ring)
MPRegen 0.09/turn               (no ring)

@: mighty, resistant
A: powered by death 1
a: Renounce Religion, Curse Item


You were on level 3 of the Dungeon.
You worshipped Ashenzari.
Ashenzari was noncommittal.
You visited 1 branch of the dungeon, and saw 3 of its levels.

You collected 107 gold pieces.


Innate Abilities, Weirdness & Mutations

You regenerate a little health from kills.


   Skills:
 - Level 2.0 Fighting
 + Level 4.5 Polearms
 - Level 1.7 Throwing
 - Level 2.6 Dodging


You had 3 spell levels left.
You didn't know any spells.
Your spell library contained the following spells:

 Spells                   Type           Power      Damage    Failure   Level
 Blink                    Tloc           0%         N/A       58%         2
 Lesser Beckoning         Tloc           0%         N/A       82%         3
 Manifold Assault         Tloc           0%         N/A       100%        5

Inventory:

Hand Weapons
 a - a +1 trident of draining (weapon)
Armour
 b - a +0 leather armour (worn)
 c - a +1 helmet (worn)
Potions
 e - a potion of resistance
 h - a potion of cancellation

Dungeon Overview and Level Annotations

Branches:
Dungeon (3/15)

Altars:
Ashenzari
Gozag
Zin

Shops:
D:1 [(

Annotations:
D:3 Grinder

.# #.#.# ..! #.#.#
.(#(.. #.#.# .#.. #.#.#
.... #.#.# .(### ##
########.#.# .>.. ..
#..........######.###.#
#.######.....5@.).....#
#.# #<#▓▓▓▓▓.......#.#
#.# #.▓▓...▓###......#
#.# #.▓..⚑.▓.......#.#
#.# #.▓....▓##.....# #
#.####.'....▓ #..####
#......▓....▓ #...
#######▓..⚑.▓ #.##
▓▓...▓ #.


You could see Grinder.


Message History

Grinder is lightly wounded.
The goblin closely misses you.
Grinder blinks!
You hit the goblin. You drain the goblin.
You kill the goblin!
It was a potion of might.
You feel very mighty all of a sudden.
You reach to attack!
You puncture Grinder!
Grinder is moderately wounded.
You barely miss Grinder.
Grinder is moderately wounded.
Grinder hits you.
You writhe in agony.
You closely miss Grinder.
Grinder is moderately wounded.
Grinder hits you.
You writhe in agony.
* * * LOW HITPOINT WARNING * * *
You are too injured to fight recklessly!
You puncture Grinder!
Grinder is heavily wounded.
Grinder hits you!
* * * LOW HITPOINT WARNING * * *
You writhe in agony.
* * * LOW HITPOINT WARNING * * *
You closely miss Grinder.
Grinder is heavily wounded.
Grinder gestures at you. You resist with significant effort.
You puncture Grinder!
Grinder is severely wounded.
Grinder hits you.
You die...

Skill      XL: |  1  2  3 |
---------------+----------+-----
Polearms       | 3 4 |  4.5
Fighting       | |  2.0
Throwing       | |  1.7
Dodging        | |  2.6

Action                   |  1- 3 |  4- 6 || total
-------------------------+-------+-------++-------
Melee: Trident           |   139 |     9 ||   148
Throw: Throwing net      |       |     3 ||     3
  Use: Scroll            |     3 |     4 ||     7
       Potion            |       |     2 ||     2
Armor: Leather armour    |    38 |       ||    38
Dodge: Dodged            |    78 |     3 ||    81

Levels and vault maps discovered:
D:1:      elethiomel_arrival_shortcut, layout_basic, serial_shops, shop,
          nicolae_shop_stone, ebering_ecumenical_altar_mist, minmay_distorted
D:2:      layout_basic, minmay_surrounded
D:3:      kennysheep_goblin_castle, layout_basic,
          grunt_temple_overflow_gold_and_silver, uniq_grinder, uniq_ijyb,
          uniq_natasha

Notes
Turn   | Place    | Note
-------+----------+-------------------------------------------
     0 | D:1      | demibob the Demonspawn Gladiator began the quest for the
                  | Orb.
     0 | D:1      | Reached XP level 1. HP: 16/16 MP: 1/1
   184 | D:1      | Reached skill level 3 in Polearms
   316 | D:1      | Gained mutation: You regenerate a little health from kills.
                  | [demonic ancestry]
   316 | D:1      | Reached XP level 2. HP: 22/22 MP: 2/2
   515 | D:1      | Found a faded altar of an unknown god.
   710 | D:1      | Found Ibbiwekk's Antique Armour Shop.
   722 | D:1      | Found Ydomeyqi's Antique Weapon Shoppe.
   729 | D:1      | Reached XP level 3. HP: 27/27 MP: 3/3
   916 | D:1      | Reached skill level 4 in Polearms
  1211 | D:1      | Prayed at the altar of an unknown god.
  1211 | D:1      | Became a worshipper of Ashenzari the Shackled
  1589 | D:2      | Reached XP level 4. HP: 31/33 MP: 4/4
  1905 | D:3      | Found an opulent altar of Gozag.
  1956 | D:3      | Noticed Grinder
  1959 | D:3      | Paralysed by Grinder for 4 turns
  1966 | D:3      | Identified 2 potions of resistance
  1977 | D:3      | Slain by Grinder

Vanquished Creatures
  4 dart slugs
  4 bats
  5 endoplasms
  5 giant cockroaches
  6 goblins
  5 hobgoblins
  4 jackals (D:2)
  5 kobolds
  3 quokkas (D:1)
  4 ball pythons
  4 frilled lizards
  3 rats
52 creatures vanquished.

Table legend: (Time is in decaauts)
 A = Elapsed time spent in this place.
 B = Non-inter-level travel time spent in this place.
 C = Inter-level travel time spent in this place.
 D = Time resting spent in this place.
 E = Time spent auto-exploring this place.
 F = Levels seen in this place.
 G = Mean time per level.
                   A        B        C        D        E       F      G
               +--------+--------+--------+--------+--------+-----+--------+
         Total |   1992 |   1899 |     93 |    100 |   1453 |   3 |  664.0 |
       Dungeon |   1992 |   1899 |     93 |    100 |   1453 |   3 |  664.0 |
               +--------+--------+--------+--------+--------+-----+--------+

Top non-repeatable levels by time:
     D:1: 1233 daAuts
     D:2: 679 daAuts
     D:3: 79 daAuts

Table legend:
 A = Non-vault XP
 B = Vault XP
 C = Vault XP percentage of total XP
 D = Non-vault monster count
 E = Vault monster count
 F = Vault count percentage of total count
                 A         B        C        D         E       F
            +---------+---------+-------+---------+---------+-------
      Total |      92 |       8 |   8.0 |      48 |       4 |   7.7
            +---------+---------+-------+---------+---------+-------
        D:1 |      60 |       0 |   0.0 |      30 |       0 |   0.0
        D:2 |      30 |       8 |  21.1 |      17 |       4 |  19.0
        D:3 |       2 |       0 |   0.0 |       1 |       0 |   0.0
            +---------+---------+-------+---------+---------+-------
